 Dungeon Crawl Stone Soup version 0.31-a0-836-g3ceb0a68c4 (webtiles) character file.

Game seed: 9700729679592050146

851 Kurtz the Cleaver (level 8, -1/52 HPs)
             Began as an Octopode Fighter on Sept 26, 2023.
             Was an Initiate of Makhleb.
             Engulfed by a steam dragon's steam (5 damage)
             ... on level 6 of the Dungeon.
             The game lasted 00:04:19 (4829 turns).

Kurtz the Cleaver (Octopode Fighter)                Turns: 4829, Time: 00:04:20

Health: -1/52      AC:  1    Str: 15    XL:     8   Next: 1%
Magic:  8/8        EV: 13    Int: 10    God:    Makhleb [......]
Gold:   285        SH:  5    Dex: 14    Spells: 7/7 levels left

rFire   . . .        a - +0 war axe
rCold   . . .        b - +0 buckler
rNeg    . . .        (helmet restricted)
rPois   .            (no amulet)
rElec   .            q - ring of flight
rCorr   .            (no ring)
SInv    .            (no ring)
Will    .....        (no ring)
Stlth   +++          (no ring)
HPRegen 0.28/turn    (no ring)
MPRegen 0.11/turn    (no ring)
                     (no ring)

%: no passive effects
@: lethally poisoned (-1 -> -3), flying
A: almost no armour, amphibious, 8 rings, camouflage 1, gelatinous body 1,
(nimble swimmer 1), tentacles
a: Renounce Religion


You were on level 6 of the Dungeon.
You worshipped Makhleb.
Makhleb was noncommittal.
You visited 2 branches of the dungeon, and saw 7 of its levels.

You collected 285 gold pieces.

Inventory:

Hand Weapons
 a - a +0 war axe (weapon)
Missiles
 w - 4 poisoned darts (quivered)
Armour
 b - a +0 buckler (worn)
Jewellery
 k - a ring of fire
 q - a ring of flight (left tentacle)
Wands
 s - a wand of flame (10)
 t - a wand of charming (8)
Scrolls
 d - 2 scrolls of blinking {unknown}
 e - a scroll of fog {unknown}
 g - 3 scrolls of teleportation {unknown}
 h - 3 scrolls of revelation {unknown}
 j - a scroll of poison {unknown}
 l - 12 scrolls of identify {unknown}
 r - a scroll of enchant armour {unknown}
 u - 2 scrolls of fear {unknown}
 v - a scroll of noise {unknown}
Potions
 c - 2 potions of might
 f - 3 potions of invisibility
 i - 5 potions of curing
 m - 2 potions of magic {unknown}
 n - 6 potions of degeneration {unknown}
 o - 2 potions of mutation {unknown}
 p - a potion of haste {unknown}
 x - a potion of attraction {unknown}


   Skills:
 * Level 3.3 Fighting
 * Level 8.4 Axes
 * Level 3.2 Dodging
 * Level 1.9 Stealth
 * Level 3.1 Shields
 * Level 1.1 Invocations


You had 7 spell levels left.
You didn't know any spells.
Your spell library contained the following spells:

 Spells                   Type           Power      Damage    Failure   Level
 Lesser Beckoning         Tloc           0%         N/A       58%         2
 Gell's Gravitas          Tloc           0%         N/A       83%         3
 Teleport Other           Tloc           0%         N/A       83%         3


Dungeon Overview and Level Annotations

Branches:
Dungeon (6/15)             Temple (1/1) D:5

Altars:
Elyvilon
Fedhas
Gozag
Hepliaklqana
Kikubaaqudgha
Makhleb
Nemelex Xobeh
Ru
Trog
Wu Jian
Yredelemnul
The Shining One

Shops:
D:5 :

Annotations:
D:5 exclusion: 2 gnolls


Innate Abilities, Weirdness & Mutations

You cannot wear most types of armour.
You are amphibious.
You can wear up to eight rings at the same time.
Your skin changes colour to match your surroundings (Stealth+).
Your rubbery body absorbs attacks. (AC +1, EV +1)
((You are camouflaged when in or above water. (Stealth+)))
You have tentacles for arms and can constrict up to eight enemies at once.


Message History

You slash the water moccasin!
The water moccasin is severely wounded.
You constrict the water moccasin.
You feel sick. The water moccasin closely misses you.
You hit the water moccasin.
The water moccasin is severely wounded.
You constrict the water moccasin.
You feel sick. The water moccasin bites you!
The water moccasin barely misses you.
Unknown command.
Aiming: Charm
Press: ? - help, Shift-Dir - straight line, f - water moccasin
Aim: a water moccasin (almost dead, constricted by you, chance to affect: 49%)
The water moccasin is charmed.
You release your grip on your water moccasin.
You feel sick.
The steam dragon barely misses your water moccasin. x2
What are your orders? t - Shout!
Orders for allies: a - Attack new target. p - Attack previous target. r - Retreat! s - Stop attacking. g - Guard the area. f - Follow me.
Anything else - Cancel.
Gang up on whom?
Press: ? - help, Dir - move target, f - steam dragon, p - water moccasin
Aim: a steam dragon Attack!
You feel sick.
Your water moccasin closely misses the steam dragon.
The steam dragon breathes steam at you.
The ball of steam hits your water moccasin!!
Your water moccasin dies!
The ball of steam hits you!
* * * LOW HITPOINT WARNING * * *
You have reached level 8!
You feel sick.
Aiming: Charm
Press: ? - help, Shift-Dir - straight line, f/p - steam dragon
Aim: a steam dragon (steam, catching its breath, chance to affect: 49%)
The steam dragon is charmed.
You are engulfed in a cloud of scalding steam.
You die...

#...... #. #..... #.
#..... #.####### #.....
#........ #....#
#..###### #....#
#.......+ #..§D#
#.##...####
###..§§#####.#.#........
......§§@.....#......####
..(....§§######.##...# #
.........######>##..†# #
.......§.........#...####
#####............#.......
#............#.......
#............#.######
#.....####...........
####### #......#####


You could see a friendly steam dragon (charmed, catching breath).

Vanquished Creatures
  A water moccasin (D:6)
  A black bear (D:5)
  A centaur (D:5)
  A scorpion (D:6)
  2 hounds (D:4)
  Ijyb (D:3)
  5 iguanas
  Natasha (D:2)
  2 sleepcaps (D:5)
  5 adders
  A white imp (D:4)
  2 worms
  A dart slug (D:1)
  2 orcs
  5 endoplasms
  A giant cockroach (D:4)
  9 goblins
  9 hobgoblins
  2 jackals (D:2)
  12 kobolds
  4 quokkas
  6 ball pythons
  6 bats
  A frilled lizard (D:2)
  2 rats
83 creatures vanquished.

Vanquished Creatures (others)
  A water moccasin (D:6)
1 creature vanquished.

Grand Total: 84 creatures vanquished

Notes
Turn   | Place    | Note
-------+----------+-------------------------------------------
     0 | D:1      | Kurtz the Octopode Fighter began the quest for the Orb.
     0 | D:1      | Reached XP level 1. HP: 16/16 MP: 1/1
    86 | D:1      | Reached XP level 2. HP: 16/21 MP: 2/2
   251 | D:1      | Reached skill level 3 in Axes
   424 | D:1      | Reached XP level 3. HP: 26/26 MP: 3/3
   740 | D:2      | Found a glowing golden altar of the Shining One.
   953 | D:2      | Noticed Natasha
   959 | D:2      | Killed Natasha
   960 | D:2      | Reached skill level 4 in Axes
   960 | D:2      | Reached XP level 4. HP: 26/31 MP: 4/4
  1360 | D:3      | Identified the +0 ring mail of True Grit {Rampage *Slow
                  | Str-2 Int+5}
  1494 | D:3      | Identified the +2 quarterstaff of Fate {heavy, rPois rC++
                  | Will- rCorr}
  1553 | D:3      | Found a sacrificial altar of Ru.
  1746 | D:3      | Noticed Ijyb
  1756 | D:3      | Killed Ijyb
  1757 | D:3      | Reached skill level 5 in Axes
  1757 | D:3      | Reached XP level 5. HP: 32/36 MP: 5/5
  3080 | D:4      | Reached skill level 6 in Axes
  3080 | D:4      | Reached XP level 6. HP: 30/42 MP: 6/6
  3128 | D:4      | Found a blossoming altar of Fedhas.
  3299 | D:5      | Entered Level 5 of the Dungeon
  3694 | D:5      | Found a glowing golden altar of the Shining One.
  3863 | D:5      | Found Raucsaca's Book Boutique.
  3998 | D:5      | Found a staircase to the Ecumenical Temple.
  4005 | D:5      | Reached skill level 7 in Axes
  4009 | D:5      | Noticed a black bear
  4015 | D:5      | Killed a black bear
  4016 | D:5      | Reached XP level 7. HP: 30/46 MP: 7/7
  4017 | Temple   | Entered the Ecumenical Temple
  4102 | Temple   | Became a worshipper of Makhleb the Destroyer
  4676 | D:6      | Reached skill level 8 in Axes
  4676 | D:6      | Reached skill level 1 in Stealth
  4792 | D:6      | Reached skill level 1 in Invocations
  4823 | D:6      | Noticed a steam dragon
  4828 | D:6      | Reached XP level 8. HP: 5/52 MP: 8/8
  4829 | D:6      | Engulfed by a steam dragon's steam

Illustrated notes

Levels and vault maps discovered:
D:1:      dpeg_arrival_long_road, layout_rooms
D:2:      layout_loops_cross, basic_altar, guppyfry_early_lair_pool,
          uniq_natasha
D:3:      layout_loops_corners, nicolae_ru_the_path_less_chosen, uniq_ijyb
D:4:      layout_gridville, lemuel_doored_altar
D:5:      layout_basic, nicolae_tso_swordbearing_angel,
          minmay_temple_entry_mini_moons, serial_shops, shop,
          minmay_misc_feat_rugged, hangedman_decor_lopped,
          nicolae_twisty_statue_hallways
D:6:      layout_basic
Temple:   grunt_temple_mini_profane

Skill      XL: |  1  2  3  4  5  6  7 |
---------------+----------------------+-----
Axes           | 3 4 5 6 7 8 |  8.4
Stealth        | 1 |  1.9
Invocations    | 1 |  1.1
Fighting       | |  3.3
Dodging        | |  3.2
Shields        | |  3.1

Action                     |  1- 3 |  4- 6 |  7- 9 || total
---------------------------+-------+-------+-------++-------
  Melee: War axe           |    56 |   100 |    23 ||   179
         Constrict         |    15 |    24 |     6 ||    45
         Tentacles         |     5 |    25 |     6 ||    36
         Punch             |       |     1 |       ||     1
  Throw: Dart              |       |     1 |       ||     1
  Evoke: Wand              |       |       |     2 ||     2
    Use: Potion            |       |     1 |     2 ||     3
   Stab: Sleeping          |     8 |     7 |     2 ||    17
         Distracted        |     1 |     1 |       ||     2
 Armour: Skin              |    28 |    34 |    25 ||    87
  Dodge: Dodged            |    43 |    50 |    29 ||   122
  Block: Buckler           |    14 |    18 |     4 ||    36

Table legend: (Time is in decaauts)
 A = Elapsed time spent in this place.
 B = Non-inter-level travel time spent in this place.
 C = Inter-level travel time spent in this place.
 D = Time resting spent in this place.
 E = Time spent auto-exploring this place.
 F = Levels seen in this place.
 G = Mean time per level.
                   A        B        C        D        E       F      G
               +--------+--------+--------+--------+--------+-----+--------+
         Total |   4882 |   4542 |    340 |    609 |   3243 |   7 |  697.4 |
       Dungeon |   4773 |   4482 |    291 |    552 |   3243 |   6 |  795.5 |
        Temple |    108 |     59 |     49 |     57 |      0 |   1 |  108.0 |
               +--------+--------+--------+--------+--------+-----+--------+

Top non-repeatable levels by time:
     D:3: 1189 daAuts
     D:5: 1058 daAuts
     D:4: 1027 daAuts
     D:2: 644 daAuts
     D:1: 589 daAuts
     D:6: 262 daAuts
  Temple: 108 daAuts
